TOP OF THE 1ST |
Memphis Redbirds batting - Pitching for Colorado Springs Sky Sox : RHP Trey Price
|
Pitching: RHP Trey Price
|
|
Batting: RHB Nick Gentzel
|
0-0: Called Strike 0-1: Ball 1-1: Ball 2-1: Ball 3-1: Ground out 5-3 (Groundball, 56, EV 85.6 MPH)
|
Batting: LHB Jody Hudson
|
0-0: Called Strike 0-1: Ball 1-1: Ball 2-1: Ball 3-1: Base on Balls
|
Batting: RHB Pavpv Ivanushkin
|
0-0: Ball Jody Hudson steals 2nd base 1-0: Ball 2-0: Ball 3-0: Ground out 5-3 (Groundball, 56, EV 99.4 MPH)
|
Batting: RHB Terry Baginski
|
0-0: Ball 1-0: SINGLE (Groundball, 34D, EV 96.9 MPH) Jody Hudson to third Runner from 3rd tries for Home, throw by RF and OUT! 9-2
|
Top of the 1st over - 0 runs, 1 hit, 0 errors, 1 left on base; Memphis 0 - Colorado Springs 0 |
BOTTOM OF THE 1ST |
Colorado Springs Sky Sox batting - Pitching for Memphis Redbirds : RHP Danny Romero
|
Pitching: RHP Danny Romero
|
|
Batting: RHB Orlando Fernandez
|
0-0: Foul Ball, location: 2F 0-1: Ball 1-1: Foul Ball, location: 2F 1-2: Strikes out looking
|
Batting: LHB Tony Ponce
|
0-0: Called Strike 0-1: Ground out 6-3 (Groundball, 6M, EV 103.8 MPH)
|
Batting: RHB Sterling Acosta
|
0-0: Called Strike 0-1: Foul Ball, location: 2F 0-2: Foul Ball, location: 2F 0-2: Foul Ball, location: 2F 0-2: Ball 1-2: Strikes out looking
|
Bottom of the 1st over - 0 runs, 0 hits, 0 errors, 0 left on base; Memphis 0 - Colorado Springs 0 |
TOP OF THE 2ND |
Memphis Redbirds batting - Pitching for Colorado Springs Sky Sox : RHP Trey Price
|
Batting: SHB Quido van Erp
|
0-0: Called Strike 0-1: Foul Ball, location: 2F 0-2: Foul Ball, location: 2F 0-2: Ball 1-2: Foul Ball, location: 2F 1-2: Ball 2-2: Foul Ball, location: 2F 2-2: Ground out 1-3 (Groundball, P, EV 70.0 MPH)
|
Batting: RHB Travis Leonard
|
0-0: Ground out 5-3 (Groundball, 56, EV 93.1 MPH)
|
Batting: LHB Shigeru Ono
|
0-0: Called Strike 0-1: Ground out 6-3 (Groundball, 6, EV 84.4 MPH)
|
Top of the 2nd over - 0 runs, 0 hits, 0 errors, 0 left on base; Memphis 0 - Colorado Springs 0 |
BOTTOM OF THE 2ND |
Colorado Springs Sky Sox batting - Pitching for Memphis Redbirds : RHP Danny Romero
|
Batting: RHB Eduardo Camacho
|
0-0: Ground out 4-3 (Groundball, 4, EV 106.9 MPH)
|
Batting: RHB George Lundy
|
0-0: Ball 1-0: Ground out 4-3 (Groundball, 4S, EV 68.8 MPH)
|
Batting: RHB R.J. Anchondo
|
0-0: Ball 1-0: SINGLE (Groundball, 34D, EV 97.5 MPH)
|
Batting: RHB Fu-Kang Duan
|
0-0: Called Strike 0-1: Swinging Strike 0-2: Ball 1-2: Foul Ball, location: 2F 1-2: Ball 2-2: Strikes out looking
|
Bottom of the 2nd over - 0 runs, 1 hit, 0 errors, 1 left on base; Memphis 0 - Colorado Springs 0 |
TOP OF THE 3RD |
Memphis Redbirds batting - Pitching for Colorado Springs Sky Sox : RHP Trey Price
|
Batting: RHB Tim Nettles
|
0-0: SINGLE (Groundball, 56D, EV 98.8 MPH)
|
Batting: RHB Josh Lyon
|
0-0: Foul Ball, location: 2F 0-1: Ball 1-1: Ball 2-1: Foul Ball, location: 2F 2-2: Grounds into double play, 6-4-3 (Groundball, 6M, EV 88.1 MPH)
|
Batting: RHB Nick Gentzel
|
0-0: Fly out, F8 (Line Drive, 8LD, EV 90.6 MPH)
|
Top of the 3rd over - 0 runs, 1 hit, 0 errors, 0 left on base; Memphis 0 - Colorado Springs 0 |
BOTTOM OF THE 3RD |
Colorado Springs Sky Sox batting - Pitching for Memphis Redbirds : RHP Danny Romero
|
Batting: RHB Dwane Reed
|
0-0: Ball 1-0: Fly out, F3 (Line Drive, 3, EV 68.1 MPH)
|
Batting: RHB Ethan McCullough
|
0-0: Foul Ball, location: 2F 0-1: Ball 1-1: Ball 2-1: Ball 3-1: Foul Ball, location: 2F 3-2: Base on Balls
|
Batting: RHB Orlando Fernandez
|
0-0: Ball 1-0: Foul Ball, location: 2F 1-1: Foul Ball, location: 2F 1-2: Ball 2-2: Foul Ball, location: 2F 2-2: Strikes out looking
|
Batting: LHB Tony Ponce
|
0-0: SINGLE (Flyball, 8RS, EV 97.5 MPH) Ethan McCullough to second
|
Batting: RHB Sterling Acosta
|
0-0: Ball 1-0: Ball 2-0: Foul Ball, location: 2F 2-1: Ball 3-1: Base on Balls Ethan McCullough to third Tony Ponce to second
|
Batting: RHB Eduardo Camacho
|
0-0: Called Strike 0-1: Foul Ball, location: 2F 0-2: GRAND SLAM HOME RUN (Line Drive, 9D, EV 101.9 MPH), Distance : 397 ft
|
Batting: RHB George Lundy
|
0-0: Ball 1-0: Called Strike 1-1: Ground out 5-3 (Groundball, 56S, EV 67.5 MPH)
|
Bottom of the 3rd over - 4 runs, 2 hits, 0 errors, 0 left on base; Memphis 0 - Colorado Springs 4 |
TOP OF THE 4TH |
Memphis Redbirds batting - Pitching for Colorado Springs Sky Sox : RHP Trey Price
|
Batting: LHB Jody Hudson
|
0-0: Ball 1-0: Foul Ball, location: 2F 1-1: TRIPLE (Flyball, 7D, EV 100.6 MPH)
|
Batting: RHB Pavpv Ivanushkin
|
0-0: Called Strike 0-1: Ball 1-1: 2-RUN HOME RUN (Line Drive, 89XD, EV 103.8 MPH), Distance : 418 ft
|
Batting: RHB Terry Baginski
|
0-0: Swinging Strike 0-1: SINGLE (Groundball, 4D, EV 99.4 MPH)
|
Batting: SHB Quido van Erp
|
0-0: Called Strike 0-1: Fly out, F7 (Flyball, 7LS, EV 82.5 MPH)
|
Batting: RHB Travis Leonard
|
0-0: Ground out 6-3 (Groundball, 6MS, EV 83.1 MPH) Terry Baginski to second
|
Batting: LHB Shigeru Ono
|
0-0: Ground out 4-3 (Groundball, 4, EV 87.5 MPH)
|
Top of the 4th over - 2 runs, 3 hits, 0 errors, 1 left on base; Memphis 2 - Colorado Springs 4 |
BOTTOM OF THE 4TH |
Colorado Springs Sky Sox batting - Pitching for Memphis Redbirds : RHP Danny Romero
|
Batting: RHB R.J. Anchondo
|
0-0: Called Strike 0-1: Ball 1-1: SINGLE (Line Drive, 34D, EV 102.5 MPH)
|
Batting: RHB Fu-Kang Duan
|
0-0: Ball 1-0: Foul Ball, location: 2F 1-1: Called Strike 1-2: Foul Ball, location: 2F 1-2: Strikes out swinging
|
Batting: RHB Dwane Reed
|
0-0: Ball 1-0: Ball 2-0: Grounds into double play, 6-4-3 (Groundball, 6, EV 85.0 MPH)
|
Bottom of the 4th over - 0 runs, 1 hit, 0 errors, 0 left on base; Memphis 2 - Colorado Springs 4 |
TOP OF THE 5TH |
Memphis Redbirds batting - Pitching for Colorado Springs Sky Sox : RHP Trey Price
|
Batting: RHB Tim Nettles
|
0-0: Called Strike 0-1: Ball 1-1: Ball 2-1: Ball 3-1: Swinging Strike 3-2: Strikes out swinging
|
Batting: RHB Josh Lyon
|
0-0: Called Strike 0-1: Ball 1-1: Ball 2-1: SINGLE (Groundball, 34D, EV 98.8 MPH)
|
Batting: RHB Nick Gentzel
|
0-0: Swinging Strike 0-1: Swinging Strike 0-2: Ball 1-2: Strikes out swinging
|
Batting: LHB Jody Hudson
|
0-0: Ball 1-0: Ball 2-0: Foul Ball, location: 2F 2-1: Ball 3-1: Base on Balls Josh Lyon to second
|
Batting: RHB Pavpv Ivanushkin
|
0-0: Ball 1-0: Swinging Strike 1-1: SINGLE (Line Drive, 6D, EV 99.4 MPH) Josh Lyon to third Jody Hudson to second Runner from 3rd tries for Home, throw by LF and OUT! 7-2
|
Top of the 5th over - 0 runs, 2 hits, 0 errors, 2 left on base; Memphis 2 - Colorado Springs 4 |
BOTTOM OF THE 5TH |
Colorado Springs Sky Sox batting - Pitching for Memphis Redbirds : RHP Danny Romero
|
Batting: RHB Ethan McCullough
|
0-0: Called Strike 0-1: Ball 1-1: Swinging Strike 1-2: Ball 2-2: Foul Ball, location: 2F 2-2: SINGLE (Groundball, 56D, EV 100.6 MPH)
|
Batting: RHB Orlando Fernandez
|
0-0: Swinging Strike 0-1: DOUBLE (Line Drive, 8LD, EV 103.1 MPH) Ethan McCullough to third
|
Batting: LHB Tony Ponce
|
0-0: Ball 1-0: Ball 2-0: Fly out, F8 (Flyball, 8RM, EV 83.8 MPH)
|
Batting: RHB Sterling Acosta
|
0-0: Foul Ball, location: 2F 0-1: Ball 1-1: Swinging Strike 1-2: Ball Wild Pitch! Ethan McCullough scores Orlando Fernandez to third 2-2: DOUBLE (Line Drive, 89XD, EV 103.1 MPH) Orlando Fernandez scores
|
Pitching: RHP Jim Vickers
|
|
Batting: RHB Eduardo Camacho
|
0-0: Ball 1-0: Called Strike 1-1: Foul Ball, location: 2F 1-2: Ball 2-2: Fly out, F4 (Popup, 4M, EV 73.1 MPH)
|
Batting: RHB George Lundy
|
0-0: Called Strike Sterling Acosta is caught stealing 3rd base 2-5
|
Bottom of the 5th over - 2 runs, 3 hits, 0 errors, 0 left on base; Memphis 2 - Colorado Springs 6 |
TOP OF THE 6TH |
Memphis Redbirds batting - Pitching for Colorado Springs Sky Sox : RHP Trey Price
|
Batting: RHB Terry Baginski
|
0-0: Foul Ball, location: 2F 0-1: Ball 1-1: Foul Ball, location: 2F 1-2: Ball 2-2: Strikes out swinging
|
Batting: SHB Quido van Erp
|
0-0: Called Strike 0-1: Ball 1-1: Ball 2-1: Ball 3-1: Base on Balls
|
Batting: RHB Travis Leonard
|
0-0: Ball 1-0: Called Strike 1-1: SINGLE (Groundball, 5S, EV 65.0 MPH) (infield hit) Quido van Erp to second
|
Batting: LHB Shigeru Ono
|
0-0: Fly out, F8 (Flyball, 8RM, EV 90.6 MPH)
|
Batting: RHB Tim Nettles
|
0-0: Ground out 6-3 (Groundball, 56, EV 103.8 MPH)
|
Top of the 6th over - 0 runs, 1 hit, 0 errors, 2 left on base; Memphis 2 - Colorado Springs 6 |
BOTTOM OF THE 6TH |
Colorado Springs Sky Sox batting - Pitching for Memphis Redbirds : RHP Jim Vickers
|
Batting: RHB George Lundy
|
0-0: Foul Ball, location: 2F 0-1: Ball 1-1: Ground out 3-1 (Groundball, 34S, EV 94.4 MPH)
|
Batting: RHB R.J. Anchondo
|
0-0: Called Strike 0-1: Foul Ball, location: 2F 0-2: Ball 1-2: SOLO HOME RUN (Flyball, 7LD, EV 96.9 MPH), Distance : 367 ft
|
Batting: RHB Fu-Kang Duan
|
0-0: Ball 1-0: Called Strike 1-1: Ball 2-1: Foul Ball, location: 2F 2-2: Ball 3-2: Ground out U3 (Groundball, 3L, EV 88.1 MPH)
|
Batting: RHB Dwane Reed
|
0-0: Foul Ball, location: 2F 0-1: Ball 1-1: Ball 2-1: Foul Ball, location: 2F 2-2: Strikes out looking
|
Bottom of the 6th over - 1 run, 1 hit, 0 errors, 0 left on base; Memphis 2 - Colorado Springs 7 |
TOP OF THE 7TH |
Memphis Redbirds batting - Pitching for Colorado Springs Sky Sox : RHP Trey Price
|
Batting: RHB Josh Lyon
|
0-0: Ball 1-0: Foul Ball, location: 2F 1-1: Called Strike 1-2: Foul Ball, location: 2F 1-2: Ball 2-2: Ball 3-2: Foul Ball, location: 2F 3-2: SINGLE (Groundball, 4MD, EV 102.5 MPH)
|
Pitching: RHP Rusty Pinard
|
|
Batting: RHB Nick Gentzel
|
0-0: Called Strike 0-1: Swinging Strike 0-2: Ball 1-2: Ball 2-2: SINGLE (Groundball, 56D, EV 103.8 MPH) Josh Lyon to second
|
Batting: LHB Jody Hudson
|
0-0: Foul Ball, location: 2F 0-1: Bunt missed! 0-2: Ball 1-2: Strikes out swinging
|
Batting: RHB Pavpv Ivanushkin
|
0-0: Ball 1-0: Ball 2-0: Foul Ball, location: 2F 2-1: Ball 3-1: SINGLE (Groundball, 25, EV 64.4 MPH) (infield hit) Josh Lyon to third Nick Gentzel to second
|
Batting: RHB Terry Baginski
|
0-0: Ball 1-0: Ball 2-0: Ball 3-0: Base on Balls Josh Lyon scores Nick Gentzel to third Pavpv Ivanushkin to second
|
Batting: SHB Quido van Erp
|
0-0: Fly out, F9 (Flyball, 9S, EV 83.8 MPH)
|
Batting: RHB Travis Leonard
|
0-0: Ball 1-0: SINGLE (Groundball, 56D, EV 104.4 MPH) (infield hit) Nick Gentzel scores Pavpv Ivanushkin to third Terry Baginski to second
|
Pitching: LHP Dave Burridge
|
|
Batting: RHB Dan Boykins
|
0-0: Called Strike 0-1: Called Strike 0-2: Strikes out swinging
|
Top of the 7th over - 2 runs, 4 hits, 0 errors, 3 left on base; Memphis 4 - Colorado Springs 7 |
BOTTOM OF THE 7TH |
Colorado Springs Sky Sox batting - Pitching for Memphis Redbirds : RHP Jim Vickers
|
Batting: RHB Ethan McCullough
|
0-0: Ball 1-0: Ball 2-0: Called Strike 2-1: Foul Ball, location: 2F 2-2: Fly out, F9 (Flyball, 9D, EV 98.8 MPH)
|
Batting: RHB Orlando Fernandez
|
0-0: Called Strike 0-1: Swinging Strike 0-2: Ball 1-2: Ball 2-2: Foul Ball, location: 2F 2-2: Ball 3-2: Foul Ball, location: 2F 3-2: Foul Ball, location: 2F 3-2: SINGLE (Groundball, 6MS, EV 65.6 MPH) (infield hit)
|
Batting: LHB Tony Ponce
|
0-0: Called Strike 0-1: Called Strike 0-2: Ball 1-2: Foul Ball, location: 2F 1-2: Strikes out swinging
|
Batting: RHB Sterling Acosta
|
0-0: Ball 1-0: Called Strike 1-1: Ball Orlando Fernandez steals 2nd base 2-1: Swinging Strike 2-2: Strikes out swinging
|
Bottom of the 7th over - 0 runs, 1 hit, 0 errors, 1 left on base; Memphis 4 - Colorado Springs 7 |
TOP OF THE 8TH |
Memphis Redbirds batting - Pitching for Colorado Springs Sky Sox : LHP Dave Burridge
|
Pitching: LHP Steve Ransom
|
|
Batting: RHB Tim Nettles
|
0-0: Ball 1-0: Called Strike 1-1: Called Strike 1-2: Ball 2-2: Foul Ball, location: 2F 2-2: Foul Ball, location: 2F 2-2: Foul Ball, location: 2F 2-2: SINGLE (Line Drive, 4D, EV 100.6 MPH)
|
Batting: RHB Josh Lyon
|
0-0: Ball 1-0: Ball 2-0: Ball 3-0: Base on Balls Tim Nettles to second
|
Batting: RHB Nick Gentzel
|
0-0: Ball 1-0: Called Strike 1-1: Ball 2-1: Grounds into double play, 6-4-3 (Groundball, 6S, EV 83.8 MPH) Tim Nettles to third
|
Pinch Hitting: RHB Nick Getz
|
0-0: Called Strike 0-1: Ball 1-1: Ball 2-1: Ground out 6-3 (Groundball, 6, EV 100.0 MPH)
|
Top of the 8th over - 0 runs, 1 hit, 0 errors, 1 left on base; Memphis 4 - Colorado Springs 7 |
BOTTOM OF THE 8TH |
Colorado Springs Sky Sox batting - Pitching for Memphis Redbirds : RHP Jim Vickers
|
Pitching: RHP Mike Foulger
|
|
Now at 1B: Jesus Ramirez
|
|
Batting: RHB Eduardo Camacho
|
0-0: Called Strike 0-1: Ball 1-1: Ball 2-1: Swinging Strike 2-2: Fly out, F4 (Line Drive, 4, EV 70.6 MPH)
|
Batting: RHB George Lundy
|
0-0: Ball 1-0: Foul Ball, location: 2F 1-1: Called Strike 1-2: Strikes out swinging
|
Batting: RHB R.J. Anchondo
|
0-0: Swinging Strike 0-1: Ground out 6-3 (Groundball, 6, EV 87.5 MPH)
|
Bottom of the 8th over - 0 runs, 0 hits, 0 errors, 0 left on base; Memphis 4 - Colorado Springs 7 |
TOP OF THE 9TH |
Memphis Redbirds batting - Pitching for Colorado Springs Sky Sox : LHP Steve Ransom
|
Pitching: RHP Mario Arce
|
|
Batting: RHB Pavpv Ivanushkin
|
0-0: Called Strike 0-1: Ball 1-1: SINGLE (Line Drive, 9S, EV 111.9 MPH)
|
Batting: RHB Terry Baginski
|
0-0: Ball 1-0: Ball 2-0: Called Strike 2-1: Foul Ball, location: 2F 2-2: Strikes out looking
|
Batting: SHB Quido van Erp
|
0-0: Ball 1-0: Ball 2-0: Fielders Choice at 2nd, 4-6 (Groundball, 4, EV 97.5 MPH)
|
Batting: RHB Travis Leonard
|
0-0: Swinging Strike 0-1: Called Strike 0-2: SINGLE (Groundball, 56D, EV 101.2 MPH) Quido van Erp to second
|
Batting: RHB Dan Boykins
|
0-0: Ball 1-0: Ball 2-0: Ball 3-0: Base on Balls Quido van Erp to third Travis Leonard to second
|
Batting: RHB Tim Nettles
|
0-0: Swinging Strike 0-1: Called Strike 0-2: Strikes out swinging
|
Top of the 9th over - 0 runs, 2 hits, 0 errors, 3 left on base; Memphis 4 - Colorado Springs 7 |
|